 Dungeon Crawl Stone Soup version 0.30.1-11-g7821555f0a (webtiles) character file.

Game seed: 15050136039090211092

308 Cheops the Chopper (level 6, -2/44 HPs)
             Began as a Demonspawn Gladiator on Nov 30, 2023.
             Was an Initiate of Makhleb.
             Slain by a gnoll
             ... wielding a +0 flail
              (7 damage)
             ... on level 3 of the Dungeon.
             The game lasted 00:03:41 (2495 turns).

Cheops the Chopper (Demonspawn Gladiator)           Turns: 2495, Time: 00:03:42

Health: -2/44      AC:  6    Str: 16    XL:     6   Next: 16%
Magic:  7/7        EV: 12    Int:  9    God:    Makhleb [......]
Gold:   148        SH:  0    Dex: 21    Spells: 5/5 levels left

rFire   . . .        r - +1 hand axe (heavy)
rCold   . . .        (no shield)
rNeg    . . .        m - +0 ring mail
rPois   .            c - +0 helmet
rElec   .            (no cloak)
rCorr   .            (no gloves)
SInv    .            (no boots)
Will    .....        (no amulet)
Stlth   +            n - +6 ring of dexterity
HPRegen 0.27/turn    (no ring)
MPRegen 0.10/turn

%: no passive effects
@: no status effects
A: demonic magic 1, demonic touch 1
a: Renounce Religion


You were on level 3 of the Dungeon.
You worshipped Makhleb.
Makhleb was noncommittal.
You visited 2 branches of the dungeon, and saw 5 of its levels.

You collected 148 gold pieces.

Inventory:

Hand Weapons
 a - a +0 war axe
 r - a +1 heavy hand axe (weapon)
Missiles
 d - 3 throwing nets (quivered)
 e - a javelin
 s - 2 silver javelins
Armour
 b - a +0 leather armour
 c - a +0 helmet (worn)
 l - a +0 buckler
 m - a +0 ring mail (worn)
Jewellery
 n - a +6 ring of dexterity (left hand)
Scrolls
 f - 2 scrolls of identify {unknown}
 g - a scroll of immolation {unknown}
 i - 2 scrolls of blinking {unknown}
 p - 2 scrolls of teleportation {unknown}
 q - a scroll of magic mapping {unknown}
Potions
 h - 2 potions of haste {unknown}
 j - a potion of lignification {unknown}
 k - a potion of curing {unknown}
 o - a potion of might {unknown}


   Skills:
 - Level 2.0 Fighting
 * Level 6.1 Axes
 - Level 1.7 Throwing
 - Level 2.6 Dodging
 + Level 2.0 Invocations


You had 5 spell levels left.
You didn't know any spells.
Your spell library contained the following spells:

 Spells                   Type           Power      Damage    Failure   Level
 Blink                    Tloc           0%         N/A       75%         2
 Lesser Beckoning         Tloc           0%         N/A       75%         2
 Momentum Strike          Conj/Tloc      0%         3d8       75%         2


Dungeon Overview and Level Annotations

Branches:
Dungeon (4/15)             Temple (1/1) D:4

Altars:
Ashenzari
Dithmenos
Fedhas
Kikubaaqudgha
Makhleb
Nemelex Xobeh
Okawaru
Qazlal
Ru
Uskayaw
Vehumet
Wu Jian
Yredelemnul

Shops:
D:1 [


Innate Abilities, Weirdness & Mutations

Spells you cast may paralyse adjacent enemies.
Your touch may inflict minor irresistible damage on your foes.


Message History

The adder closely misses you. The adder bites you.
The orc hits you but does no damage. The adder barely misses you.
The adder closely misses you.
You slash the adder! Your touch misses the adder.
The adder is severely wounded.
The adder bites you but does no damage. The adder bites you.
You are poisoned.
The adder poisons you!
You slash the adder!
You kill the adder!
Makhleb accepts your kill.
You feel sick.
The orc hits you from afar with a +0 trident!
The orc hits you from afar with a +0 trident.
You slash the gnoll!
You kill the gnoll!
Makhleb accepts your kill.
You hit the gnoll.
You feel sick. The orc barely misses you. The gnoll hits you with a +0 flail!
* * * LOW HITPOINT WARNING * * *
Your Invocations skill increases to level 2!
You hit the gnoll but do no damage.
You feel sick.
You are no longer poisoned.
The orc hits you from afar with a +0 trident.
* * * LOW HITPOINT WARNING * * *
The gnoll closely misses you. The orc closely misses you. The gnoll misses you.
The gnoll barely misses you.
You closely miss the gnoll.
You touch the gnoll!
The gnoll is heavily wounded.
You slash the gnoll! The orc hits you but does no damage.
The gnoll closely misses you. The gnoll hits you with a +0 flail.
* * * LOW HITPOINT WARNING * * *
You barely miss the gnoll.
The gnoll is heavily wounded.
You hit the gnoll but do no damage. The orc hits you but does no damage.
The gnoll hits you with a +0 club.
* * * LOW HITPOINT WARNING * * *
The gnoll closely misses you. The gnoll hits you with a +0 flail!
You die...

#.... #... .... .##.# ..
#.....(.#.## ...
#..#.#...... ....
>.#.##=... ...#
#g#.##..####
g..#@#...))...# #
#g#g#........# #.
#..o#........#
##.#####......)[..#
#.........†.......######
#.......................
#.........##...#..#####
##.....)...##.......#
#..........##...###.##


You could see 2 gnolls and an orc.

Vanquished Creatures
  A phantom (D:3)
  Natasha (thrice) (D:2)
  An orc wizard (D:2)
  2 gnolls (D:3)
  6 adders
  4 dart slugs
  6 orcs
  2 ball pythons
  6 endoplasms
  2 giant cockroaches
  5 goblins
  2 hobgoblins (D:1)
  3 jackals (D:1)
  A quokka (D:1)
  2 bats (D:1)
  4 frilled lizards
  A kobold (D:1)
  4 rats
55 creatures vanquished.

Notes
Turn   | Place    | Note
-------+----------+-------------------------------------------
     0 | D:1      | Cheops the Demonspawn Gladiator began the quest for the
                  | Orb.
     0 | D:1      | Reached XP level 1. HP: 16/16 MP: 1/1
   139 | D:1      | Reached skill level 3 in Axes
   182 | D:1      | Gained mutation: Your touch may inflict minor irresistible
                  | damage on your foes. [demonic ancestry]
   182 | D:1      | Reached XP level 2. HP: 22/22 MP: 2/2
   240 | D:1      | Found Genauj's Antique Armour Shop.
   453 | D:1      | Reached XP level 3. HP: 27/27 MP: 3/3
   958 | D:1      | Reached skill level 4 in Axes
  1043 | D:2      | Noticed Natasha
  1046 | D:2      | Killed Natasha
  1047 | D:2      | Reached XP level 4. HP: 33/33 MP: 4/4
  1080 | D:2      | Reached skill level 5 in Axes
  1434 | D:2      | Gained mutation: Spells you cast may paralyse adjacent
                  | enemies. [demonic ancestry]
  1434 | D:2      | Reached XP level 5. HP: 32/38 MP: 5/5
  1592 | D:2      | Noticed Natasha
  1599 | D:2      | Killed Natasha
  1865 | D:2      | Noticed Natasha
  1873 | D:2      | Killed Natasha
  1940 | D:3      | You fall into a shaft and drop 1 floor!
  1947 | D:4      | Found a staircase to the Ecumenical Temple.
  1956 | Temple   | Entered the Ecumenical Temple
  2175 | Temple   | Became a worshipper of Makhleb the Destroyer
  2325 | D:3      | Noticed a phantom
  2338 | D:3      | Killed a phantom
  2339 | D:3      | Reached skill level 6 in Axes
  2339 | D:3      | Reached skill level 1 in Invocations
  2339 | D:3      | Reached XP level 6. HP: 7/44 MP: 5/7
  2495 | D:3      | Slain by a gnoll

Illustrated notes

Levels and vault maps discovered:
D:1:      sevenhm_arrival_forest_fort_large_4, layout_rooms, serial_shops, shop,
          minmay_misc_feat_secret_circle, minmay_strange_pillars,
          nicolae_figureground_pulse
D:2:      layout_basic, serial_aquarium, aquarium_bridge_long_separate
          [aquarium_subvault_balcony, aquarium_subvault_bridge,
          aquarium_subvault_balcony, aquarium_subvault_bridge,
          aquarium_subvault_balcony, aquarium_subvault_bridge],
          aquarium_window_fake, aquarium_window_fake, aquarium_window_2,
          aquarium_view_2f, aquarium_view_2d, aquarium_pool_five, uniq_natasha
D:3:      layout_rooms
D:4:      layout_loops_corners, mainiacjoe_overflow_paths,
          minmay_temple_entry_crystal_x, gammafunk_ghost_stat_death
Temple:   regret_index_temple_generic_petals

Skill      XL: |  1  2  3  4  5  6 |
---------------+-------------------+-----
Axes           | 3 4 5 6 |  6.1
Invocations    | 1 2 |  2.0
Fighting       | |  2.0
Throwing       | |  1.7
Dodging        | |  2.6

Action                     |  1- 3 |  4- 6 || total
---------------------------+-------+-------++-------
  Melee: War axe           |    73 |    42 ||   115
         Touch             |     9 |    11 ||    20
         Hand axe          |       |    25 ||    25
 Armour: Leather armour    |    27 |       ||    27
         Ring mail         |    14 |    19 ||    33
  Dodge: Dodged            |    50 |    36 ||    86
